Canucks vs Devils

Created - Saturday, November 14, 2015 at 03:12

Goals
1 2 3 T
Canucks 1 1 0 2
Devils 1 1 1 3
Shots
1 2 3 T
Canucks 18 4 11 33
Devils 7 10 4 21

1st period

1. Canucks , Joel Ward 2 (Andrei Markov, Pavel Datsyuk) at 0:28
2. Devils , Drew Stafford 7 (Tyler Johnson) at 6:32 (PP)

Penalties :
Radko Gudas (NJD) for Hooking (Minor) at 0:51, Joakim Andersson (Van) for Hooking (Minor) at 6:12, Willie Mitchell (Van) for Hooking (Minor) at 7:44

2nd period

3. Canucks , Clarke MacArthur 7 (Nazem Kadri, Brendan Gallagher) at 10:16
4. Devils , Scottie Upshall 3 (Matt Cullen, Devan Dubnyk) at 12:45

Penalties :
Alexander Edler (Van) for Hooking (Minor) at 6:18, Alexander Edler (Van) for Roughing (Minor) at 10:43, Radko Gudas (NJD) for Slashing (Minor) at 14:09, Peter Holland (Van) for Interference (Minor) at 17:09

3rd period

5. Devils , Paul Stastny 12 (Tyler Johnson) at 14:17 (PP)

Penalties :
Matt Greene (NJD) for Interference (Minor) at 5:31, Alexander Edler (Van) for Holding (Minor) at 9:40, Andrei Markov (Van) for Interference (Minor) at 13:57, Paul Stastny (NJD) for Holding (Minor) at 16:38

Goalie Stats

Ben Bishop (Van), 18 saves from 21 shots - (0.857), L, 6-6-2, 59:13 minutes
Devan Dubnyk (NJD), 31 saves from 33 shots - (0.939), W, 8-3-1, 60:00 minutes

Players Stats for Canucks

Player Name              G  A  P  +/- PIM S  H  SB GA TA FO     MP     PP MP  PK MP  
------------------------------------------------------------------------------------
Alexander Edler          0  0  0   0  6   4  3  1  0  1  0/0    19:34   4:29   2:11 
Andrei Markov            0  1  1   1  2   6  0  0  0  1  0/0    26:26   3:27   5:37 
Antoine Roussel          0  0  0   0  0   0  2  0  0  0  0/1     8:42   0:00   0:22 
Brendan Gallagher        0  1  1   1  0   3  0  0  0  0  0/0    14:28   3:18   0:00 
Christopher Tanev        0  0  0  -1  0   1  0  2  0  0  0/0    16:18   0:00   3:53 
Clarke MacArthur         1  0  1   1  0   3  1  0  3  1  0/1    17:51   3:18   3:01 
Derick Brassard          0  0  0   0  0   5  0  1  1  0  0/2    22:19   4:38   7:34 
Jack Johnson             0  0  0   1  0   0  4  2  0  1  0/0    26:47   3:27   5:57 
Jacob Josefson           0  0  0   0  0   1  0  0  0  1  2/3     8:20   0:00   0:00 
Jay Beagle               0  0  0   0  0   1  0  0  0  0  0/0     8:20   0:00   0:00 
Joakim Andersson         0  0  0   0  2   0  1  0  1  0  0/0    11:29   0:00   0:00 
Joel Ward                1  0  1   1  0   2  1  0  1  0  0/0    14:11   4:38   0:00 
Justin Braun             0  0  0   0  0   2  0  0  0  1  0/0    11:31   0:00   0:00 
Mats Zuccarello          0  0  0   0  0   2  0  0  2  0  0/0    11:30   0:00   0:00 
Nazem Kadri              0  1  1   1  0   1  0  0  2  0  7/10   17:29   3:18   2:39 
Pavel Datsyuk            0  1  1   0  0   0  1  0  2  0  15/22  22:19   4:38   7:34 
Peter Holland            0  0  0   0  2   0  2  0  1  1  3/7    11:34   0:00   0:00 
Willie Mitchell          0  0  0   0  2   2  1  1  0  0  0/0    20:10   4:29   3:32 

Players Stats for Devils

Player Name              G  A  P  +/- PIM S  H  SB GA TA FO     MP     PP MP  PK MP  
------------------------------------------------------------------------------------
Ales Hemsky              0  0  0   0  0   4  1  0  0  0  0/0    20:49   6:23   2:21 
Andrew Miller            0  0  0  -1  0   1  0  0  0  0  3/7    12:16   0:00   0:00 
Brad Hunt                0  0  0  -1  0   1  0  2  0  0  0/0    21:39   6:23   1:57 
Brendan Shinnimin        0  0  0   0  0   1  1  1  0  0  3/6     7:46   0:00   2:10 
Chris Porter             0  0  0   0  0   1  3  0  1  0  0/0     6:58   0:00   0:29 
Chris Wideman            0  0  0   1  0   0  0  1  0  1  0/0    11:12   4:12   3:26 
David Warsofsky          0  0  0   0  0   0  0  1  0  0  0/0    14:22   0:00   0:00 
Drew Stafford            1  0  1  -1  0   3  0  0  3  1  0/1    17:25   6:06   0:00 
Jason Akeson             0  0  0  -1  0   0  0  1  2  0  0/1    12:38   0:05   0:00 
Matt Cullen              0  1  1   1  0   0  1  0  1  1  3/16   21:37   4:29   5:17 
Matt Greene              0  0  0  -1  2   1  0  2  2  0  0/0    17:16   0:00   4:00 
Matt Irwin               0  0  0  -1  0   0  0  3  1  0  0/0    16:39   0:00   5:59 
Paul Stastny             1  0  1  -1  2   2  0  1  2  0  9/14   18:46   6:06   0:00 
Radko Gudas              0  0  0   0  4   0  1  2  0  4  0/0    16:51   0:00   0:30 
Scottie Upshall          1  0  1   1  0   2  2  2  0  2  0/0    22:02   4:29   5:17 
Sergei Gonchar           0  0  0   0  0   2  1  0  0  0  0/0    15:51   4:12   0:00 
Tyler Johnson            0  2  2  -1  0   2  1  0  2  0  1/1    21:27   5:43   0:18 
Zach Boychuk             0  0  0   0  0   1  2  1  2  0  0/0    16:26   4:47   0:00 

3 Stars

1 - Scottie Upshall (NJD)
2 - Joel Ward (Van)
3 - Clarke MacArthur (Van)

Power Play

Canucks - 0 on 4 Attempt(s) - 0.00%
Devils - 2 on 7 Attempt(s) - 28.57%

Penalty Kill

Canucks - 5 on 7 Attempt(s) - 71.43% - Score 0 goal in Penalty Kill
Devils - 4 on 4 Attempt(s) - 100.00% - Score 0 goal in Penalty Kill

Team Stat

Canucks - Hits : 16 - Faceoff Wins : 27 - Blocked Shots : 7 - Penalty Minutes : 14
Devils - Hits : 13 - Faceoff Wins : 19 - Blocked Shots : 17 - Penalty Minutes : 8

Official

Referees : Unknown
Linesman : Unknown

Game Notes

9:49 of 2nd period - Devils goal is going for a video replay. After video review, No Goal. The referee deems the play has been stopped, even if he had not physically had the opportunity to stop play by blowing his whistle.

Finance

Level 1 -- Attendance: 5536 (92.27%) -- Ticket Income $415,200
Level 2 -- Attendance: 3611 (72.22%) -- Ticket Income $216,660
Level 3 -- Attendance: 1447 (72.35%) -- Ticket Income $50,645
Level 4 -- Attendance: 2537 (63.43%) -- Ticket Income $63,425
Luxury Box -- Attendance: 1000 (100.00%) -- Ticket Income $160,000
Game was played at the Continental Airlines Arena.
Total Attendance: 14131 (78.51%)
Total Ticket Income: $905,930
Other Income: $443,906
Total Income: $1,349,836

Canucks

5 vs 5 Forward 
   Center                   Left Wing                Right Wing               Time % Phy DF OF 
 1 Pavel Datsyuk            Derick Brassard          Joel Ward                35     1   1  3  
 2 Nazem Kadri              Clarke MacArthur         Brendan Gallagher        30     1   2  2  
 3 Peter Holland            Mats Zuccarello          Joakim Andersson         22     1   3  1  
 4 Jacob Josefson           Antoine Roussel          Jay Beagle               13     2   2  1  

5 vs 5 Defense 
   Defense                  Defense                                           Time % Phy DF OF 
 1 Jack Johnson             Andrei Markov                                     35     1   3  1  
 2 Alexander Edler          Willie Mitchell                                   30     1   3  1  
 3 Justin Braun             Christopher Tanev                                 22     1   3  1  
 4 Jack Johnson             Andrei Markov                                     13     1   2  2  

PowerPlay Forward 
   Center                   Left Wing                Right Wing               Time % Phy DF OF 
 1 Pavel Datsyuk            Derick Brassard          Joel Ward                60     1   1  3  
 2 Nazem Kadri              Clarke MacArthur         Brendan Gallagher        40     1   1  3  

PowerPlay Defense
   Defense                  Defense                                           Time % Phy DF OF 
 1 Jack Johnson             Andrei Markov                                     60     1   2  2  
 2 Alexander Edler          Willie Mitchell                                   40     1   2  2  

Penalty Kill 4 Players Forward 
   Center                   Wing                     Time % Phy DF OF 
 1 Pavel Datsyuk            Derick Brassard          60     1   3  1  
 2 Nazem Kadri              Clarke MacArthur         40     1   3  1  

Penalty Kill 4 Players Defense
   Defense                  Defense                  Time % Phy DF OF 
 1 Jack Johnson             Andrei Markov            60     1   3  1  
 2 Alexander Edler          Willie Mitchell          40     1   3  1  

Penalty Kill - 3 Players Forward 
   Forward                                           Time % Phy DF OF 
 1 Pavel Datsyuk                                     60     1   4  0  
 2 Derick Brassard                                   40     1   4  0  

Penalty Kill - 3 Players Defense
   Defense                  Defense                  Time % Phy DF OF 
 1 Jack Johnson             Andrei Markov            60     1   4  0  
 2 Alexander Edler          Willie Mitchell          40     1   4  0  

4 vs 4 Forward 
   Center                   Wing                     Time % Phy DF OF 
 1 Pavel Datsyuk            Derick Brassard          60     1   2  2  
 2 Nazem Kadri              Clarke MacArthur         40     1   2  2  

4 vs 4 Defense
   Defense                  Defense                  Time % Phy DF OF 
 1 Jack Johnson             Andrei Markov            60     1   2  2  
 2 Alexander Edler          Willie Mitchell          40     1   2  2  

Last Minutes Offensive
   Center                   Left Wing                Right Wing               Defense                  Defense                  
   Pavel Datsyuk            Derick Brassard          Joel Ward                Jack Johnson             Andrei Markov            

Last Minutes Defensive
   Center                   Left Wing                Right Wing               Defense                  Defense                  
   Pavel Datsyuk            Derick Brassard          Joel Ward                Jack Johnson             Andrei Markov            

Goaltenders
Starting : Ben Bishop               
Backup : Mike McKenna             

Extra Forwards
Normal : Jacob Josefson, Mats Zuccarello, Antoine Roussel - PP : Jacob Josefson, Mats Zuccarello - PK : Antoine Roussel
Extra Defensemen
Normal : Justin Braun, Christopher Tanev, Alexander Edler - PP : Justin Braun - PK : Christopher Tanev, Alexander Edler
Penalty Shots
Pavel Datsyuk, Derick Brassard, Nazem Kadri, Clarke MacArthur, Joel Ward

Devils

5 vs 5 Forward 
   Center                   Left Wing                Right Wing               Time % Phy DF OF 
 1 Paul Stastny             Tyler Johnson            Drew Stafford            38     0   0  5  
 2 Matt Cullen              Scottie Upshall          Ales Hemsky              30     1   2  2  
 3 Andrew Miller            Zach Boychuk             Jason Akeson             22     1   2  2  
 4 Brendan Shinnimin        Chris Porter             Tyler Johnson            10     1   2  2  

5 vs 5 Defense 
   Defense                  Defense                                           Time % Phy DF OF 
 1 Matt Greene              Brad Hunt                                         35     1   2  2  
 2 Radko Gudas              David Warsofsky                                   34     1   2  2  
 3 Matt Irwin               Sergei Gonchar                                    30     1   2  2  
 4 Chris Wideman            Sergei Gonchar                                    1      1   2  2  

PowerPlay Forward 
   Center                   Left Wing                Right Wing               Time % Phy DF OF 
 1 Paul Stastny             Tyler Johnson            Drew Stafford            60     0   0  5  
 2 Matt Cullen              Zach Boychuk             Scottie Upshall          40     0   0  5  

PowerPlay Defense
   Defense                  Defense                                           Time % Phy DF OF 
 1 Ales Hemsky              Brad Hunt                                         60     0   0  5  
 2 Chris Wideman            Sergei Gonchar                                    40     0   0  5  

Penalty Kill 4 Players Forward 
   Center                   Wing                     Time % Phy DF OF 
 1 Matt Cullen              Scottie Upshall          60     0   5  0  
 2 Brendan Shinnimin        Ales Hemsky              40     0   5  0  

Penalty Kill 4 Players Defense
   Defense                  Defense                  Time % Phy DF OF 
 1 Matt Greene              Matt Irwin               60     0   5  0  
 2 Radko Gudas              Brad Hunt                40     0   5  0  

Penalty Kill - 3 Players Forward 
   Forward                                           Time % Phy DF OF 
 1 Matt Cullen                                       60     0   5  0  
 2 Brendan Shinnimin                                 40     0   5  0  

Penalty Kill - 3 Players Defense
   Defense                  Defense                  Time % Phy DF OF 
 1 Matt Greene              Matt Irwin               60     0   5  0  
 2 Radko Gudas              Brad Hunt                40     0   5  0  

4 vs 4 Forward 
   Center                   Wing                     Time % Phy DF OF 
 1 Paul Stastny             Tyler Johnson            60     0   0  5  
 2 Brendan Shinnimin        Matt Cullen              40     1   3  1  

4 vs 4 Defense
   Defense                  Defense                  Time % Phy DF OF 
 1 Matt Greene              Brad Hunt                60     0   0  5  
 2 Radko Gudas              Sergei Gonchar           40     1   3  1  

Last Minutes Offensive
   Center                   Left Wing                Right Wing               Defense                  Defense                  
   Paul Stastny             Tyler Johnson            Drew Stafford            Brad Hunt                Chris Wideman            

Last Minutes Defensive
   Center                   Left Wing                Right Wing               Defense                  Defense                  
   Paul Stastny             Matt Cullen              Scottie Upshall          Matt Greene              Radko Gudas              

Goaltenders
Starting : Devan Dubnyk             
Backup : Thomas Greiss            

Extra Forwards
Normal : Tyler Johnson, Scottie Upshall, Zach Boychuk - PP : Zach Boychuk, Jason Akeson - PK : Ales Hemsky
Extra Defensemen
Normal : Chris Wideman, Matt Greene, Radko Gudas - PP : Radko Gudas - PK : Chris Wideman, David Warsofsky
Penalty Shots
Matt Cullen, Drew Stafford, Ales Hemsky, Tyler Johnson, Andrew Miller

% Time on Ice - Canucks

Lines # - Real PCT - Wanted PCT - Time Play
Normal Forward
1 - 23% - 35% - 9:09
2 - 28% - 30% - 11:32
3 - 28% - 22% - 11:30
4 - 21% - 13% - 8:20
Normal Defense
1 - 36% - 35% - 14:31
2 - 31% - 30% - 12:35
3 - 28% - 22% - 11:31
4 - 5% - 13% - 1:54
PP Forward
1 - 58% - 60% - 4:38
2 - 42% - 40% - 3:18
PP Defense
1 - 43% - 60% - 3:27
2 - 57% - 40% - 4:29
PK Forward
1 - 75% - 60% - 7:56
2 - 25% - 40% - 2:39
PK Defense
1 - 56% - 60% - 5:57
2 - 44% - 40% - 4:38
PK3 Forward
1 - 0% - 60%
2 - 0% - 40%
PK3 Defense
1 - 0% - 60%
2 - 0% - 40%
44 Forward
1 - 0% - 60%
2 - 0% - 40%
44 Defense
1 - 0% - 60%
2 - 0% - 40%
Last Minute Offensive  - 0:58
Last Minute Defensive  - 0:00
Total
Forward - 60:00
Defense - 60:00

% Time on Ice - Devils

Lines # - Real PCT - Wanted PCT - Time Play
Normal Forward
1 - 30% - 38% - 11:59
2 - 27% - 30% - 11:04
3 - 30% - 22% - 12:16
4 - 13% - 10% - 5:12
Normal Defense
1 - 34% - 35% - 13:40
2 - 39% - 34% - 15:40
3 - 23% - 30% - 9:29
4 - 4% - 1% - 1:42
PP Forward
1 - 58% - 60% - 6:06
2 - 42% - 40% - 4:29
PP Defense
1 - 60% - 60% - 6:23
2 - 40% - 40% - 4:12
PK Forward
1 - 73% - 60% - 5:46
2 - 27% - 40% - 2:10
PK Defense
1 - 75% - 60% - 5:59
2 - 25% - 40% - 1:57
PK3 Forward
1 - 0% - 60%
2 - 0% - 40%
PK3 Defense
1 - 0% - 60%
2 - 0% - 40%
44 Forward
1 - 0% - 60%
2 - 0% - 40%
44 Defense
1 - 0% - 60%
2 - 0% - 40%
Last Minute Offensive  - 0:00
Last Minute Defensive  - 0:58
Total
Forward - 60:00
Defense - 60:00

Play by Play

1st period


0:01 of 1st period - Paul Stastny wins face-off versus Derick Brassard in neutral zone.
0:08 of 1st period - Snap shot by Tyler Johnson.
0:08 of 1st period - Deflect By Andrei Markov.
0:08 of 1st period - Stopped by Ben Bishop with a rebound.
0:26 of 1st period - Snap shot by Joel Ward.
0:26 of 1st period - Shot Misses the Net.
0:28 of 1st period - Slapshot by Andrei Markov.
0:28 of 1st period - Deflect By Joel Ward.
0:28 of 1st period - Goal by Joel Ward - Canucks : 1 - Devils : 0.
0:29 of 1st period - Matt Cullen wins face-off versus Nazem Kadri in neutral zone.
0:34 of 1st period - Snap shot by Ales Hemsky.
0:34 of 1st period - Stopped by Ben Bishop without a rebound.
0:35 of 1st period - Nazem Kadri wins face-off versus Matt Cullen in Canucks zone.
0:51 of 1st period - Minor Penalty to Radko Gudas for Hooking.
0:52 of 1st period - Matt Cullen wins face-off versus Pavel Datsyuk in Devils zone.
1:02 of 1st period - Matt Irwin is hit by Pavel Datsyuk and loses puck.
1:09 of 1st period - Snap shot by Derick Brassard.
1:09 of 1st period - Stopped by Devan Dubnyk without a rebound.
1:10 of 1st period - Pavel Datsyuk wins face-off versus Matt Cullen in Devils zone.
1:13 of 1st period - Wrist shot by Derick Brassard.
1:13 of 1st period - Shot Hit the Post.
1:15 of 1st period - Slapshot by Pavel Datsyuk.
1:15 of 1st period - Shot Misses the Net.
1:17 of 1st period - Backhand shot by Pavel Datsyuk.
1:17 of 1st period - Deflect By Derick Brassard.
1:17 of 1st period - Shot Blocked by Matt Greene.
1:17 of 1st period - Puck is out of play.
1:18 of 1st period - Nazem Kadri wins face-off versus Brendan Shinnimin in Devils zone.
2:22 of 1st period - Matt Greene is hit by Willie Mitchell and loses puck.
2:51 of 1st period - Penalty to Radko Gudas is over, Radko Gudas is back on ice.
2:58 of 1st period - Wrist shot by Brendan Gallagher.
2:58 of 1st period - Shot Blocked by Matt Irwin.
3:24 of 1st period - Snap shot by Mats Zuccarello.
3:24 of 1st period - Stopped by Devan Dubnyk without a rebound.
3:25 of 1st period - Paul Stastny wins face-off versus Peter Holland in Devils zone.
4:18 of 1st period - Slapshot by Andrei Markov.
4:18 of 1st period - Stopped by Devan Dubnyk with a rebound.
4:20 of 1st period - Slapshot by Antoine Roussel.
4:20 of 1st period - Shot Blocked by Matt Irwin.
4:22 of 1st period - Slapshot by Andrei Markov.
4:22 of 1st period - Shot Misses the Net.
4:24 of 1st period - Snap shot by Andrei Markov.
4:24 of 1st period - Stopped by Devan Dubnyk with a rebound.
4:26 of 1st period - Slapshot by Andrei Markov.
4:26 of 1st period - Deflect By Jay Beagle.
4:26 of 1st period - Stopped by Devan Dubnyk with a rebound.
4:28 of 1st period - Snap shot by Jay Beagle.
4:28 of 1st period - Shot Misses the Net.
4:30 of 1st period - Snap shot by Jacob Josefson.
4:30 of 1st period - Stopped by Devan Dubnyk with a rebound.
4:32 of 1st period - Wrist shot by Jay Beagle.
4:32 of 1st period - Deflect By Jacob Josefson.
4:32 of 1st period - Deflect By Tyler Johnson.
4:32 of 1st period - Shot Misses the Net.
4:32 of 1st period - Puck is out of play.
4:33 of 1st period - Andrew Miller wins face-off versus Pavel Datsyuk in Devils zone.
4:50 of 1st period - Wrist shot by Andrew Miller.
4:50 of 1st period - Shot Misses the Net.
4:52 of 1st period - Slapshot by Matt Greene.
4:52 of 1st period - Stopped by Ben Bishop with a rebound.
5:40 of 1st period - Snap shot by Nazem Kadri.
5:40 of 1st period - Shot Misses the Net.
5:56 of 1st period - Wrist shot by Brendan Gallagher.
5:56 of 1st period - Shot Misses the Net.
5:58 of 1st period - Slapshot by Willie Mitchell.
5:58 of 1st period - Deflect By Ales Hemsky.
5:58 of 1st period - Stopped by Devan Dubnyk without a rebound.
5:59 of 1st period - Brendan Shinnimin wins face-off versus Peter Holland in Devils zone.
6:12 of 1st period - Minor Penalty to Joakim Andersson for Hooking.
6:13 of 1st period - Pavel Datsyuk wins face-off versus Paul Stastny in Canucks zone.
6:32 of 1st period - Wrist shot by Drew Stafford.
6:32 of 1st period - Goal by Drew Stafford - Canucks : 1 - Devils : 1.
6:33 of 1st period - Nazem Kadri wins face-off versus Matt Cullen in neutral zone.
6:42 of 1st period - Snap shot by Brendan Gallagher.
6:42 of 1st period - Shot Blocked by Radko Gudas.
7:06 of 1st period - Radko Gudas is hit by Jack Johnson.
7:44 of 1st period - Minor Penalty to Willie Mitchell for Hooking.
7:45 of 1st period - Pavel Datsyuk wins face-off versus Paul Stastny in Canucks zone.
8:22 of 1st period - Wrist shot by Derick Brassard.
8:22 of 1st period - Stopped by Devan Dubnyk without a rebound.
8:23 of 1st period - Pavel Datsyuk wins face-off versus Matt Cullen in Devils zone.
8:40 of 1st period - Slapshot by Nazem Kadri.
8:40 of 1st period - Stopped by Devan Dubnyk with a rebound.
8:42 of 1st period - Snap shot by Jack Johnson.
8:42 of 1st period - Shot Misses the Net.
8:44 of 1st period - Wrist shot by Clarke MacArthur.
8:44 of 1st period - Stopped by Devan Dubnyk with a rebound.
8:46 of 1st period - Snap shot by Clarke MacArthur.
8:46 of 1st period - Shot Misses the Net.
8:48 of 1st period - Slapshot by Andrei Markov.
8:48 of 1st period - Shot Blocked by Scottie Upshall.
8:50 of 1st period - Wrist shot by Clarke MacArthur.
8:50 of 1st period - Shot Misses the Net.
9:44 of 1st period - Penalty to Willie Mitchell is over, Willie Mitchell is back on ice.
10:11 of 1st period - Icing by Zach Boychuk.
10:12 of 1st period - Jacob Josefson wins face-off versus Andrew Miller in Devils zone.
10:19 of 1st period - Wrist shot by Jacob Josefson.
10:19 of 1st period - Shot Blocked by Radko Gudas.
10:29 of 1st period - Jack Johnson is hit by Radko Gudas and loses puck.
10:46 of 1st period - Wrist shot by Andrei Markov.
10:46 of 1st period - Deflect By Radko Gudas.
10:46 of 1st period - Stopped by Devan Dubnyk with a rebound.
10:48 of 1st period - Wrist shot by Willie Mitchell.
10:48 of 1st period - Shot Blocked by David Warsofsky.
11:29 of 1st period - Icing by Matt Irwin.
11:30 of 1st period - Peter Holland wins face-off versus Brendan Shinnimin in Devils zone.
11:50 of 1st period - Icing by Tyler Johnson.
11:51 of 1st period - Brendan Shinnimin wins face-off versus Antoine Roussel in Devils zone.
11:51 of 1st period - Brendan Shinnimin is hit by Jack Johnson.
12:15 of 1st period - Slapshot by Drew Stafford.
12:15 of 1st period - Shot Misses the Net.
12:44 of 1st period - Backhand shot by Ales Hemsky.
12:44 of 1st period - Stopped by Ben Bishop with a rebound.
12:46 of 1st period - Snap shot by Ales Hemsky.
12:46 of 1st period - Stopped by Ben Bishop with a rebound.
13:00 of 1st period - Slapshot by Matt Cullen.
13:00 of 1st period - Deflect By Ales Hemsky.
13:00 of 1st period - Shot Misses the Net.
13:00 of 1st period - Puck is out of play.
13:01 of 1st period - Pavel Datsyuk wins face-off versus Jason Akeson in Canucks zone.
13:31 of 1st period - Snap shot by Pavel Datsyuk.
13:31 of 1st period - Shot Misses the Net.
13:33 of 1st period - Slapshot by Willie Mitchell.
13:33 of 1st period - Stopped by Devan Dubnyk with a rebound.
13:35 of 1st period - Snap shot by Derick Brassard.
13:35 of 1st period - Shot Misses the Net.
14:44 of 1st period - Scottie Upshall is hit by Joakim Andersson and loses puck.
14:53 of 1st period - Wrist shot by Mats Zuccarello.
14:53 of 1st period - Shot Blocked by Scottie Upshall.
14:55 of 1st period - Slapshot by Andrei Markov.
14:55 of 1st period - Stopped by Devan Dubnyk with a rebound.
15:48 of 1st period - Snap shot by Tyler Johnson.
15:48 of 1st period - Shot Misses the Net.
15:50 of 1st period - Wrist shot by Chris Porter.
15:50 of 1st period - Stopped by Ben Bishop with a rebound.
15:52 of 1st period - Snap shot by Brendan Shinnimin.
15:52 of 1st period - Shot Misses the Net.
16:19 of 1st period - Backhand shot by Ales Hemsky.
16:19 of 1st period - Shot Misses the Net.
16:43 of 1st period - Snap shot by Brendan Gallagher.
16:43 of 1st period - Stopped by Devan Dubnyk with a rebound.
16:45 of 1st period - Snap shot by Willie Mitchell.
16:45 of 1st period - Deflect By Brendan Gallagher.
16:45 of 1st period - Stopped by Devan Dubnyk with a rebound.
16:47 of 1st period - Wrist shot by Nazem Kadri.
16:47 of 1st period - Shot Blocked by Brendan Shinnimin.
16:49 of 1st period - Slapshot by Willie Mitchell.
16:49 of 1st period - Shot Blocked by Matt Greene.
16:51 of 1st period - Wrist shot by Clarke MacArthur.
16:51 of 1st period - Stopped by Devan Dubnyk with a rebound.
17:21 of 1st period - Slapshot by Alexander Edler.
17:21 of 1st period - Shot Misses the Net.
18:07 of 1st period - Christopher Tanev is hit by Chris Porter.
18:27 of 1st period - Sergei Gonchar is hit by Antoine Roussel and loses puck.
18:56 of 1st period - Snap shot by Clarke MacArthur.
18:56 of 1st period - Shot Misses the Net.
18:58 of 1st period - Slapshot by Alexander Edler.
18:58 of 1st period - Deflect By Scottie Upshall.
18:58 of 1st period - Stopped by Devan Dubnyk with a rebound.
Goals for this period are 1 for Canucks vs 1 for Devils.
Shots for this period are 18 for Canucks vs 7 for Devils.

2nd period


0:01 of 2nd period - Pavel Datsyuk wins face-off versus Paul Stastny in neutral zone.
0:03 of 2nd period - Off-side.
0:04 of 2nd period - Paul Stastny wins face-off versus Pavel Datsyuk in neutral zone.
1:11 of 2nd period - Matt Cullen is hit by Jack Johnson and loses puck.
1:58 of 2nd period - Slapshot by Alexander Edler.
1:58 of 2nd period - Stopped by Devan Dubnyk without a rebound.
1:59 of 2nd period - Jacob Josefson wins face-off versus Andrew Miller in Devils zone.
2:20 of 2nd period - Slapshot by Sergei Gonchar.
2:20 of 2nd period - Shot Misses the Net.
2:22 of 2nd period - Slapshot by Sergei Gonchar.
2:22 of 2nd period - Stopped by Ben Bishop with a rebound.
2:24 of 2nd period - Slapshot by Andrew Miller.
2:24 of 2nd period - Shot Blocked by Christopher Tanev.
2:26 of 2nd period - Snap shot by Andrew Miller.
2:26 of 2nd period - Stopped by Ben Bishop without a rebound.
2:27 of 2nd period - Brendan Shinnimin wins face-off versus Pavel Datsyuk in Canucks zone.
2:52 of 2nd period - Slapshot by Derick Brassard.
2:52 of 2nd period - Stopped by Devan Dubnyk with a rebound.
3:25 of 2nd period - Justin Braun is hit by Scottie Upshall and loses puck.
4:47 of 2nd period - Alexander Edler is hit by Zach Boychuk and loses puck.
5:06 of 2nd period - Slapshot by Jacob Josefson.
5:06 of 2nd period - Shot Misses the Net.
5:08 of 2nd period - Slapshot by Andrei Markov.
5:08 of 2nd period - Shot Misses the Net.
6:13 of 2nd period - Wrist shot by Brendan Gallagher.
6:13 of 2nd period - Stopped by Devan Dubnyk with a rebound.
6:18 of 2nd period - Minor Penalty to Alexander Edler for Hooking.
6:19 of 2nd period - Pavel Datsyuk wins face-off versus Matt Cullen in Canucks zone.
6:31 of 2nd period - Snap shot by Ales Hemsky.
6:31 of 2nd period - Deflect By Scottie Upshall.
6:31 of 2nd period - Shot Misses the Net.
6:31 of 2nd period - Puck is out of play.
6:32 of 2nd period - Pavel Datsyuk wins face-off versus Matt Cullen in Canucks zone.
6:32 of 2nd period - Pavel Datsyuk is hit by Scottie Upshall.
6:39 of 2nd period - Icing by Zach Boychuk.
6:40 of 2nd period - Pavel Datsyuk wins face-off versus Matt Cullen in Devils zone.
8:01 of 2nd period - Snap shot by Tyler Johnson.
8:01 of 2nd period - Deflect By Paul Stastny.
8:01 of 2nd period - Stopped by Ben Bishop with a rebound.
8:03 of 2nd period - Wrist shot by Drew Stafford.
8:03 of 2nd period - Shot Misses the Net.
8:05 of 2nd period - Slapshot by Sergei Gonchar.
8:05 of 2nd period - Deflect By Christopher Tanev.
8:05 of 2nd period - Stopped by Ben Bishop with a rebound.
8:07 of 2nd period - Slapshot by Brad Hunt.
8:07 of 2nd period - Stopped by Ben Bishop with a rebound.
8:09 of 2nd period - Slapshot by Tyler Johnson.
8:09 of 2nd period - Stopped by Ben Bishop with a rebound.
8:18 of 2nd period - Penalty to Alexander Edler is over, Alexander Edler is back on ice.
8:51 of 2nd period - Snap shot by Zach Boychuk.
8:51 of 2nd period - Shot Misses the Net.
8:53 of 2nd period - Snap shot by Andrew Miller.
8:53 of 2nd period - Shot Blocked by Jack Johnson.
9:25 of 2nd period - Snap shot by Scottie Upshall.
9:25 of 2nd period - Shot Blocked by Jack Johnson.
9:29 of 2nd period - Backhand shot by Scottie Upshall.
9:29 of 2nd period - Stopped by Ben Bishop with a rebound.
9:47 of 2nd period - Snap shot by Zach Boychuk.
9:47 of 2nd period - Shot Misses the Net.
9:49 of 2nd period - Slapshot by Brad Hunt.
9:49 of 2nd period - Deflect By Zach Boychuk.
9:49 of 2nd period - Devils goal is going for a video replay.
9:49 of 2nd period - The goal is refused. The referee deems the play has been stopped, even if he had not physically had the opportunity to stop play by blowing his whistle..
9:50 of 2nd period - Nazem Kadri wins face-off versus Andrew Miller in Canucks zone.
10:16 of 2nd period - Wrist shot by Clarke MacArthur.
10:16 of 2nd period - Deflect By Matt Irwin.
10:16 of 2nd period - Goal by Clarke MacArthur - Canucks : 2 - Devils : 1.
10:17 of 2nd period - Paul Stastny wins face-off versus Jacob Josefson in neutral zone.
10:34 of 2nd period - Snap shot by Paul Stastny.
10:34 of 2nd period - Shot Misses the Net.
10:36 of 2nd period - Wrist shot by Drew Stafford.
10:36 of 2nd period - Stopped by Ben Bishop with a rebound.
10:40 of 2nd period - Snap shot by Paul Stastny.
10:40 of 2nd period - Deflect By Drew Stafford.
10:40 of 2nd period - Shot Misses the Net.
10:40 of 2nd period - Puck is out of play.
10:41 of 2nd period - Nazem Kadri wins face-off versus Matt Cullen in Canucks zone.
10:43 of 2nd period - Minor Penalty to Alexander Edler for Roughing.
10:44 of 2nd period - Pavel Datsyuk wins face-off versus Paul Stastny in Canucks zone.
10:44 of 2nd period - Pavel Datsyuk is hit by Tyler Johnson.
11:02 of 2nd period - Off-side.
11:03 of 2nd period - Paul Stastny wins face-off versus Pavel Datsyuk in neutral zone.
12:43 of 2nd period - Penalty to Alexander Edler is over, Alexander Edler is back on ice.
12:43 of 2nd period - Slapshot by Scottie Upshall.
12:43 of 2nd period - Shot Blocked by Willie Mitchell.
12:45 of 2nd period - Wrist shot by Scottie Upshall.
12:45 of 2nd period - Goal by Scottie Upshall - Canucks : 2 - Devils : 2.
12:46 of 2nd period - Nazem Kadri wins face-off versus Andrew Miller in neutral zone.
14:09 of 2nd period - Minor Penalty to Radko Gudas for Slashing.
14:10 of 2nd period - Pavel Datsyuk wins face-off versus Matt Cullen in Devils zone.
14:51 of 2nd period - Scottie Upshall is hit by Clarke MacArthur and loses puck.
15:30 of 2nd period - Willie Mitchell is hit by Brendan Shinnimin and loses puck.
15:56 of 2nd period - Icing by Nazem Kadri.
15:57 of 2nd period - Tyler Johnson wins face-off versus Nazem Kadri in Canucks zone.
16:09 of 2nd period - Penalty to Radko Gudas is over, Radko Gudas is back on ice.
16:34 of 2nd period - Slapshot by Mats Zuccarello.
16:34 of 2nd period - Deflect By Tyler Johnson.
16:34 of 2nd period - Shot Blocked by Chris Wideman.
16:34 of 2nd period - Puck is out of play.
16:35 of 2nd period - Andrew Miller wins face-off versus Peter Holland in Devils zone.
16:44 of 2nd period - Snap shot by Andrew Miller.
16:44 of 2nd period - Shot Misses the Net.
17:09 of 2nd period - Minor Penalty to Peter Holland for Interference.
17:10 of 2nd period - Paul Stastny wins face-off versus Pavel Datsyuk in Canucks zone.
17:12 of 2nd period - Wrist shot by Paul Stastny.
17:12 of 2nd period - Shot Misses the Net.
18:09 of 2nd period - Pavel Datsyuk is hit by Ales Hemsky and loses puck.
18:28 of 2nd period - Snap shot by Nazem Kadri.
18:28 of 2nd period - Shot Misses the Net.
18:41 of 2nd period - Clarke MacArthur is hit by Sergei Gonchar and loses puck.
19:09 of 2nd period - Penalty to Peter Holland is over, Peter Holland is back on ice.
19:42 of 2nd period - Sergei Gonchar is hit by Alexander Edler.
19:59 of 2nd period - Off-side.
Goals for this period are 1 for Canucks vs 1 for Devils.
Shots for this period are 4 for Canucks vs 10 for Devils.

3rd period


0:01 of 3rd period - Pavel Datsyuk wins face-off versus Drew Stafford in neutral zone.
0:10 of 3rd period - Wrist shot by Derick Brassard.
0:10 of 3rd period - Shot Misses the Net.
0:12 of 3rd period - Snap shot by Jack Johnson.
0:12 of 3rd period - Shot Blocked by Brad Hunt.
0:14 of 3rd period - Snap shot by Joel Ward.
0:14 of 3rd period - Stopped by Devan Dubnyk with a rebound.
0:16 of 3rd period - Slapshot by Andrei Markov.
0:16 of 3rd period - Stopped by Devan Dubnyk with a rebound.
0:18 of 3rd period - Slapshot by Andrei Markov.
0:18 of 3rd period - Deflect By Matt Greene.
0:18 of 3rd period - Stopped by Devan Dubnyk with a rebound.
0:20 of 3rd period - Snap shot by Joel Ward.
0:20 of 3rd period - Shot Blocked by Paul Stastny.
0:54 of 3rd period - Matt Greene is hit by Jack Johnson and loses puck.
1:17 of 3rd period - Slapshot by Brendan Gallagher.
1:17 of 3rd period - Shot Misses the Net.
1:35 of 3rd period - Snap shot by Mats Zuccarello.
1:35 of 3rd period - Shot Misses the Net.
1:37 of 3rd period - Slapshot by Alexander Edler.
1:37 of 3rd period - Stopped by Devan Dubnyk without a rebound.
1:38 of 3rd period - Andrew Miller wins face-off versus Peter Holland in Devils zone.
1:38 of 3rd period - Andrew Miller is hit by Peter Holland.
1:48 of 3rd period - Wrist shot by Zach Boychuk.
1:48 of 3rd period - Shot Blocked by Christopher Tanev.
1:54 of 3rd period - Snap shot by Mats Zuccarello.
1:54 of 3rd period - Shot Misses the Net.
2:07 of 3rd period - Slapshot by Justin Braun.
2:07 of 3rd period - Deflect By Sergei Gonchar.
2:07 of 3rd period - Stopped by Devan Dubnyk with a rebound.
2:09 of 3rd period - Slapshot by Christopher Tanev.
2:09 of 3rd period - Stopped by Devan Dubnyk with a rebound.
2:19 of 3rd period - Wrist shot by Jay Beagle.
2:19 of 3rd period - Shot Misses the Net.
2:29 of 3rd period - Christopher Tanev is hit by Zach Boychuk.
2:54 of 3rd period - Snap shot by Paul Stastny.
2:54 of 3rd period - Deflect By Drew Stafford.
2:54 of 3rd period - Stopped by Ben Bishop with a rebound.
4:14 of 3rd period - Willie Mitchell is hit by Chris Porter and loses puck.
4:28 of 3rd period - Icing by Sergei Gonchar.
4:29 of 3rd period - Peter Holland wins face-off versus Brendan Shinnimin in Devils zone.
4:36 of 3rd period - Peter Holland is hit by Chris Porter and loses puck.
5:31 of 3rd period - Minor Penalty to Matt Greene for Interference.
5:32 of 3rd period - Pavel Datsyuk wins face-off versus Matt Cullen in Devils zone.
5:54 of 3rd period - Snap shot by Derick Brassard.
5:54 of 3rd period - Stopped by Devan Dubnyk with a rebound.
5:56 of 3rd period - Slapshot by Alexander Edler.
5:56 of 3rd period - Stopped by Devan Dubnyk with a rebound.
6:00 of 3rd period - Snap shot by Derick Brassard.
6:00 of 3rd period - Shot Misses the Net.
6:02 of 3rd period - Slapshot by Alexander Edler.
6:02 of 3rd period - Shot Blocked by Matt Irwin.
6:04 of 3rd period - Snap shot by Willie Mitchell.
6:04 of 3rd period - Deflect By Derick Brassard.
6:04 of 3rd period - Shot Misses the Net.
6:04 of 3rd period - Puck is out of play.
6:05 of 3rd period - Matt Cullen wins face-off versus Clarke MacArthur in Devils zone.
6:47 of 3rd period - Andrei Markov is hit by Matt Cullen and loses puck.
7:31 of 3rd period - Penalty to Matt Greene is over, Matt Greene is back on ice.
8:35 of 3rd period - Paul Stastny is hit by Antoine Roussel and loses puck.
9:33 of 3rd period - Snap shot by Ales Hemsky.
9:33 of 3rd period - Stopped by Ben Bishop without a rebound.
9:34 of 3rd period - Peter Holland wins face-off versus Matt Cullen in Canucks zone.
9:40 of 3rd period - Minor Penalty to Alexander Edler for Holding.
9:41 of 3rd period - Paul Stastny wins face-off versus Derick Brassard in Canucks zone.
10:40 of 3rd period - Icing by Brad Hunt.
10:41 of 3rd period - Nazem Kadri wins face-off versus Paul Stastny in Devils zone.
10:48 of 3rd period - Snap shot by Clarke MacArthur.
10:48 of 3rd period - Shot Misses the Net.
11:40 of 3rd period - Penalty to Alexander Edler is over, Alexander Edler is back on ice.
11:56 of 3rd period - David Warsofsky is hit by Alexander Edler.
12:12 of 3rd period - Slapshot by Peter Holland.
12:12 of 3rd period - Shot Misses the Net.
12:14 of 3rd period - Backhand shot by Christopher Tanev.
12:14 of 3rd period - Shot Misses the Net.
12:16 of 3rd period - Slapshot by Justin Braun.
12:16 of 3rd period - Stopped by Devan Dubnyk with a rebound.
12:18 of 3rd period - Snap shot by Mats Zuccarello.
12:18 of 3rd period - Stopped by Devan Dubnyk with a rebound.
12:20 of 3rd period - Slapshot by Christopher Tanev.
12:20 of 3rd period - Shot Blocked by Jason Akeson.
12:22 of 3rd period - Wrist shot by Christopher Tanev.
12:22 of 3rd period - Shot Misses the Net.
12:24 of 3rd period - Slapshot by Christopher Tanev.
12:24 of 3rd period - Shot Blocked by Zach Boychuk.
13:13 of 3rd period - Sergei Gonchar is hit by Alexander Edler.
13:57 of 3rd period - Minor Penalty to Andrei Markov for Interference.
13:58 of 3rd period - Paul Stastny wins face-off versus Pavel Datsyuk in Canucks zone.
14:17 of 3rd period - Slapshot by Paul Stastny.
14:17 of 3rd period - Goal by Paul Stastny - Canucks : 2 - Devils : 3.
14:18 of 3rd period - Paul Stastny wins face-off versus Nazem Kadri in neutral zone.
14:35 of 3rd period - Snap shot by Clarke MacArthur.
14:35 of 3rd period - Shot Blocked by Brad Hunt.
16:01 of 3rd period - Radko Gudas is hit by Peter Holland and loses puck.
16:38 of 3rd period - Minor Penalty to Paul Stastny for Holding.
16:39 of 3rd period - Pavel Datsyuk wins face-off versus Matt Cullen in Devils zone.
16:42 of 3rd period - Snap shot by Derick Brassard.
16:42 of 3rd period - Stopped by Devan Dubnyk without a rebound.
16:43 of 3rd period - Pavel Datsyuk wins face-off versus Matt Cullen in Devils zone.
18:22 of 3rd period - Slapshot by Brad Hunt.
18:22 of 3rd period - Shot Blocked by Derick Brassard.
18:24 of 3rd period - Slapshot by Radko Gudas.
18:24 of 3rd period - Shot Blocked by Alexander Edler.
18:26 of 3rd period - Snap shot by Brendan Shinnimin.
18:26 of 3rd period - Stopped by Ben Bishop with a rebound.
18:38 of 3rd period - Penalty to Paul Stastny is over, Paul Stastny is back on ice.
19:10 of 3rd period - Paul Stastny is hit by Joel Ward and loses puck.
19:13 of 3rd period - Canucks, Ben Bishop is pulled from the net.
Goals for this period are 0 for Canucks vs 1 for Devils.
Shots for this period are 11 for Canucks vs 4 for Devils.